AoeStats
← [GG] Shevchenko 7

Arena

505665274Analyzed
1v1 RM · 22d ago on Sep 10, 2026· 15m 59s· 2 players
Game mode
Random Map
Map size
Tiny (2 player)
Population
200
Speed
Normal
Resources
Standard
Victory
Conquest
Starting age
Dark Age
Ending age
Imperial Age
RankedLock teamsTeams togetherTeam positionsShared explorationLock speedFull tech treeHidden civsTurbo modeCheats
Victory
Defeat
🇧🇷 Portuguese · Brazil
1151
+17
🇩🇪 Romans · Germany
1179
-17
[GG] Shevchenko 7
9:50 Feudal Age
8:58 Loom
14:05 Castle Age
12:16 Double-Bit Axe
Purle Paus
11:43 Feudal Age
13:20 Double-Bit Axe
13:16 Horse Collar
13:30 Loom
16:12 Castle Age
14:50 Loom
15:46 Wheelbarrow
14:59 Loom
15:49 Wheelbarrow
15:27 Man-at-Arms
Connection lost

Rejoining the realm…

Still unreachable

The connection could not be restored.

Session expired

The server has moved on; the page needs a fresh start.